 Dungeon Crawl Stone Soup version 0.30-a0-634-g8abc85282e (webtiles) character file.

Game seed: 16738233350721054146

77 Leeroy the Slasher (level 4, -2/26 HPs)
             Began as a Tengu Warper on Jan 14, 2023.
             Slain by a gnoll
             ... wielding a +0 spear
              (6 damage)
             ... on level 2 of the Dungeon.
             The game lasted 00:01:30 (1271 turns).

Leeroy the Slasher (Tengu Warper)                   Turns: 1271, Time: 00:01:32

Health: -2/26      AC:  3    Str: 11    XL:     4   Next: 33%
Magic:  8/8        EV: 12    Int: 13    God:
Gold:   81         SH:  0    Dex: 16    Spells: 2/7 levels left

rFire   . . .      SeeInvis .    n - +0 short sword (speed)
rCold   . . .      Faith    .    (no shield)
rNeg    . . .      Spirit   .    b - +0 leather armour
rPois   .          Reflect  .    (helmet restricted)
rElec   .          Harm     .    (no cloak)
rCorr   .          Rampage  .    (no gloves)
Will    .....                    (boots unavailable)
Stlth   +                        (no amulet)
HPRegen 0.24/turn                (no ring)
MPRegen 0.11/turn                (no ring)

@: no status effects
A: beak, talons 3
a: no special abilities


You were on level 2 of the Dungeon.
You visited 1 branch of the dungeon, and saw 2 of its levels.

You collected 81 gold pieces.

Inventory:

Hand Weapons
 a - a +0 falchion
 n - a +0 short sword of speed (weapon)
Missiles
 d - 7 boomerangs of dispersal (quivered)
Armour
 b - a +0 leather armour (worn)
Scrolls
 c - a scroll of blinking
 g - a scroll of enchant weapon {unknown}
 i - a scroll of noise {unknown}
 j - 2 scrolls of identify {unknown}
 k - 2 scrolls of fog {unknown}
 l - 2 scrolls of poison {unknown}
 m - a scroll of teleportation {unknown}
 p - a scroll of enchant armour {unknown}
Potions
 e - a potion of attraction {unknown}
 f - a potion of heal wounds {unknown}
 h - a potion of invisibility {unknown}
 o - a potion of might {unknown}


   Skills:
 - Level 2.0 Fighting
 + Level 4.9 Long Blades
 - Level 1.0 Throwing
 - Level 1.1 Armour
 - Level 2.1 Dodging
 - Level 2.0 Spellcasting
 - Level 2.4 Translocations


You had 2 spell levels left.
You knew the following spells:

 Your Spells              Type           Power      Damage    Failure   Level
a - Blink                 Tloc           14%        N/A       19%         2
b - Vhi's Electric Charg  Tloc/Air       8%         N/A       52%         3

Your spell library contained the following spells:

 Spells                   Type           Power      Damage    Failure   Level
 Summon Small Mammal      Summ           4%         N/A       32%         1
 Lesser Beckoning         Tloc           14%        N/A       36%         3
 Teleport Other           Tloc           7%         N/A       36%         3
 Call Canine Familiar     Summ           1%         N/A       69%         3
 Summon Guardian Golem    Hex/Summ       1%         N/A       69%         3
 Manifold Assault         Tloc           7%         N/A       77%         4
 Arcjolt                  Conj/Air       0%         1d10      100%        5
 Maxwell's Capacitive Co  Air            0%         ∞         100%        8


Dungeon Overview and Level Annotations

Branches:
Dungeon (2/15)

Altars:

Shops:
D:1 *


Innate Abilities, Weirdness & Mutations

You have a beak for a mouth.
You have claws for feet.


Message History

You hit the hobgoblin.
You kill the hobgoblin!
You see here a hobgoblin corpse. 2 gnolls come into view.
The gnoll shouts! x2
There are monsters nearby!
There are monsters nearby!
A gnoll comes into view. It is wielding a +0 spear.
The gnoll hits you but does no damage.
The gnoll shouts!
You hit the gnoll but do no damage.
The gnoll hits you from afar with a +0 spear.
The gnoll hits you with a +0 club.
You completely miss the gnoll. Your kick misses the gnoll.
You closely miss the gnoll. The gnoll closely misses you.
The gnoll hits you with a +0 club.
You hit the gnoll. You claw the gnoll.
The gnoll is moderately wounded.
You hit the gnoll. Your kick misses the gnoll.
The gnoll is heavily wounded.
The gnoll misses you. The gnoll hits you with a +0 club.
You hit the gnoll but do no damage.
The gnoll is heavily wounded.
You barely miss the gnoll. You peck the gnoll.
The gnoll is almost dead.
The gnoll closely misses you. The gnoll barely misses you.
You hit the gnoll but do no damage. You claw the gnoll.
You kill the gnoll!
The gnoll hits you with a +0 spear. The gnoll hits you but does no damage.
You see here a +0 club.
You closely miss the gnoll. The gnoll hits you with a +0 spear.
The gnoll hits you from afar with a +0 spear.
* * * LOW HITPOINT WARNING * * *
You are too injured to fight recklessly!
You are too injured to fight recklessly!
You are too injured to fight recklessly!
You are too injured to fight recklessly!
The gnoll attacks as you move away! The gnoll closely misses you.
The gnoll hits you from afar with a +0 spear.
You die...

.###########.######
.#<...............#
..##########..###.#
...# #...## ...#
####...### ##.#
#≈≈≈~~~≈≈# #.#####
####..†### #.....#
#...#######.#
####†##
#.####.@)gg.# #.#
#.# #.###### #.#
#.# #.#
#.####.####.#
#...........#
##########.######
.....#(....#
.##....#####
.#...###


You could see 2 gnolls.

Vanquished Creatures
  A gnoll (D:2)
  2 adders (D:2)
  A worm (D:2)
  3 bats
  2 endoplasms (D:1)
  3 giant cockroaches
  A goblin (D:1)
  7 hobgoblins
  6 jackals (D:1)
  A quokka (D:1)
  6 ball pythons
  3 frilled lizards
  5 kobolds
  A rat (D:2)
42 creatures vanquished.

Notes
Turn   | Place    | Note
-------+----------+-------------------------------------------
     0 | D:1      | Leeroy the Tengu Warper began the quest for the Orb.
     0 | D:1      | Reached XP level 1. HP: 12/12 MP: 4/4
    97 | D:1      | Reached XP level 2. HP: 17/17 MP: 6/6
   124 | D:1      | Reached skill level 3 in Long Blades
   261 | D:1      | Found Goate's Assorted Antiques.
   422 | D:1      | Reached XP level 3. HP: 21/21 MP: 7/7
   746 | D:1      | Learned a level 2 spell: Blink
   750 | D:1      | Learned a level 3 spell: Vhi's Electric Charge
   847 | D:2      | Reached skill level 4 in Long Blades
  1026 | D:2      | Reached XP level 4. HP: 26/26 MP: 8/8
  1271 | D:2      | Slain by a gnoll

Illustrated notes

Levels and vault maps discovered:
D:1:      dpeg_arrival_rooms_c, layout_basic, serial_shops, shop
D:2:      layout_basic, chequers_serial_rivers_micro_a

Skill      XL: |  1  2  3 |
---------------+----------+-----
Long Blades    | 3 4 |  4.9
Fighting       | |  2.0
Throwing       | |  1.0
Armour         | |  1.1
Dodging        | |  2.1
Spellcasting   | |  2.0
Translocations | |  2.4

Action                   |  1- 3 |  4- 6 || total
-------------------------+-------+-------++-------
Melee: Falchion          |    73 |     6 ||    79
       Kick              |    18 |     6 ||    24
       Peck              |     5 |     6 ||    11
       Short sword       |       |    29 ||    29
 Stab: Sleeping          |     1 |       ||     1
Armor: Leather armour    |    17 |     6 ||    23
Dodge: Dodged            |    49 |    17 ||    66

Table legend: (Time is in decaauts)
 A = Elapsed time spent in this place.
 B = Non-inter-level travel time spent in this place.
 C = Inter-level travel time spent in this place.
 D = Time resting spent in this place.
 E = Time spent auto-exploring this place.
 F = Levels seen in this place.
 G = Mean time per level.
                   A        B        C        D        E       F      G
               +--------+--------+--------+--------+--------+-----+--------+
         Total |   1266 |   1227 |     39 |      0 |    971 |   2 |  633.0 |
       Dungeon |   1266 |   1227 |     39 |      0 |    971 |   2 |  633.0 |
               +--------+--------+--------+--------+--------+-----+--------+

Top non-repeatable levels by time:
     D:1: 811 daAuts
     D:2: 454 daAuts
